 Dungeon Crawl Stone Soup version 0.22.0 (webtiles) character file.

6293 Ammid the Basher (level 10, -2/79 HPs)
             Began as a Demonspawn Berserker on Dec 5, 2018.
             Was an Elder of Trog.
             Killed by divine providence
             ... invoked by an orc priest
              (7 damage)
             ... on level 9 of the Dungeon.
             The game lasted 00:45:25 (7357 turns).

Ammid the Basher (Demonspawn Berserker)             Turns: 7357, Time: 00:45:27

Health: -2/79      AC: 24    Str: 25    XL:     10   Next: 63%
Magic:  0/10       EV:  6    Int:  9    God:    Trog [****..]
Gold:   443        SH: 10    Dex: 13    Spells: 9/9 levels left

rFire    . . .     SeeInvis .   a - +0 mace
rCold    . . .     Gourm    .   J - +0 shield
rNeg     . . .     Faith    .   j - +3 plate armour
rPois    .         Spirit   +   A - +0 helmet
rElec    .         Reflect  .   s - +0 cloak
rCorr    .         Harm     .   e - +0 pair of gloves
MR       +++..                  G - +0 pair of boots
Stlth    ..........             H - amulet of guardian spirit
HPRegen  1.23/turn              b - ring of protection from magic
MPRegen  0.12/turn              K - +5 ring of strength

@: regenerating, drained
A: hooves 2, slimy green scales 2, powered by pain 1, spiny 1
a: Berserk, Trog's Hand, Brothers in Arms, Renounce Religion


You were on level 9 of the Dungeon.
You worshipped Trog.
Trog was greatly pleased with you.
You were full.

You visited 1 branch of the dungeon, and saw 9 of its levels.

You collected 443 gold pieces.

Inventory:

Hand Weapons
 a - a +0 mace (weapon)
Armour
 e - a +0 pair of gloves (worn)
 j - a +3 plate armour (worn)
 s - a +0 cloak (worn)
 A - a +0 helmet (worn)
 G - a +0 pair of boots (worn)
 J - a +0 shield (worn)
Jewellery
 b - a ring of protection from magic (left hand)
 H - an amulet of guardian spirit (around neck)
 K - a +5 ring of strength (right hand)
Wands
 z - a wand of iceblast (6)
 B - a wand of digging (17)
 C - a wand of random effects (47)
 L - a wand of polymorph (14)
 M - a wand of acid (12)
Scrolls
 c - a scroll of enchant weapon {unknown}
 d - 2 scrolls of magic mapping
 f - a scroll of blinking
 g - 2 scrolls of immolation
 n - a scroll of summoning {unknown}
 o - a scroll of fear
 r - a scroll of fog {unknown}
 v - 3 scrolls of remove curse
 y - 9 scrolls of teleportation
 D - 2 scrolls of amnesia {unknown}
 F - a scroll of vulnerability {unknown}
Potions
 h - 2 potions of invisibility
 i - 2 potions of degeneration {unknown}
 k - 2 potions of curing
 l - 3 potions of heal wounds {unknown}
 m - 4 potions of mutation
 p - a potion of cancellation {unknown}
 t - 2 potions of haste {unknown}
 u - a potion of lignification {unknown}
 w - 3 potions of might
 E - 2 potions of agility {unknown}
 I - 2 potions of flight {unknown}
Comestibles
 x - 16 rations


   Skills:
 + Level 7.4(6.6) Fighting
 + Level 10.1(9.2) Maces & Flails
 + Level 7.8(6.9) Armour
 + Level 3.0(2.2) Dodging
 + Level 0.2(0.0) Stealth
 + Level 4.6(3.8) Shields


You had 9 spell levels left.
You didn't know any spells.
Your spell library was empty.

Dungeon Overview and Level Annotations

Branches:
Dungeon (9/15)             Temple (0/1) D:7
   Lair: D:8-11         Orc: D:9-12

Altars:
Ashenzari
Dithmenos
Fedhas
Makhleb
Nemelex Xobeh
Ru
Wu Jian
Xom
Yredelemnul


Innate Abilities, Weirdness & Mutations

You have hoof-like feet.
You are mostly covered in slimy green scales. (AC +3)
You sometimes gain a little power by taking damage.
You are partially covered in sharp spines.


Message History

The orc priest is moderately wounded.
The howler monkey hoots and howls with incredible vigour!
A quokka zombie comes into view.
The orc priest is struck by your spines.
The orc priest closely misses you. The yak is struck by your spines.
The yak closely misses you.
Your skin crawls.
You feel resistant to hostile enchantments.
You feel somewhat less full.
The howler monkey hoots and howls with incredible vigour!
The orc priest invokes the aid of Beogh against you.
Beogh smites you!
* * * LOW HITPOINT WARNING * * *
An orc wizard comes into view. It is wielding a dagger.
An orc priest comes into view. It is wielding a mace.
You block the yak's attack.
The howler monkey hoots and howls with incredible vigour!
The orc priest calls down the wrath of Beogh upon you.
Beogh smites you!
You die...

#..$# ..... #...#
Y... #...# ...
########.†.#####.
.##
.#........†........
.......Z...........
#.h..hYh%........<
...###Y#...#.#####
.. .# #@#...#.# #.
.# #o#...#.# #. .#
#.#$..#.# . #. .# #
#Yo.... .. #. .##.#
#....... .##.##.
... #.#.>....
.......#.# #o##
#....<$#


.oo ######## You could see 2 yaks, an ice beast, 2 howler monkeys, 3 orc
priests, an orc wizard, an orc and a quokka zombie.

Vanquished Creatures
  A two-headed ogre (D:8)
  Pikel (D:8)
  Maurice (D:8)
  A troll (D:9)
  Prince Ribbit (D:6)
  3 hippogriffs (D:7)
  A spriggan (D:7)
  2 yaks (D:9)
  Menkaure (D:4)
  Duvessa (D:6)
  An ice beast (D:5)
  2 orc warriors
  A black bear (D:8)
  3 phantoms
  A necrophage (D:2)
  2 ogres
  2 centaurs (D:5)
  A crocodile (D:8)
  Blork the orc (D:6)
  A wyvern zombie (D:7)
  5 bullfrogs
  Dowan (D:6)
  5 scorpions
  6 killer bees (D:7)
  2 crimson imps
  A bullfrog zombie (D:7)
  4 orc priests
  2 hounds
  10 orc wizards
  A bullfrog skeleton (D:6)
  Jessica (D:2)
  Ijyb (D:4)
  3 iguanas
  5 worker ants
  A killer bee zombie (D:7)
  4 gnolls (D:6)
  17 adders
  A shadow imp (D:8)
  An ooze (D:2)
  An adder zombie (D:5)
  A worm (D:5)
  8 leopard geckos
  24 orcs
  A ball python (D:7)
  7 bats
  5 giant cockroaches
  6 goblins
  13 hobgoblins
  14 jackals
  3 quokkas
  6 frilled lizards
  4 kobolds
  A quokka zombie (D:8)
  4 rats
197 creatures vanquished.

Vanquished Creatures (others)
  An ice beast (D:8)
  3 slaves (D:8)
  A hound (D:8)
5 creatures vanquished.

Grand Total: 202 creatures vanquished

Notes
Turn   | Place    | Note
-------+----------+-------------------------------------------
     0 | D:1      | Ammid the Demonspawn Berserker began the quest for the Orb.
     0 | D:1      | Reached XP level 1. HP: 18/18 MP: 1/1
   601 | D:1      | Reached skill level 3 in Maces & Flails
   601 | D:1      | Gained mutation: You are partially covered in sharp spines. [demonic ancestry]
   601 | D:1      | Reached XP level 2. HP: 21/24 MP: 2/2
   991 | D:2      | Gained mutation: You have large cloven feet. [demonic ancestry]
   991 | D:2      | Reached XP level 3. HP: 29/29 MP: 3/3
  1018 | D:2      | Noticed a necrophage
  1037 | D:2      | Killed a necrophage
  1037 | D:2      | Gained mutation: You are partially covered in slimy green scales. (AC +2) [demonic ancestry]
  1037 | D:2      | Reached XP level 4. HP: 26/37 MP: 4/4
  1122 | D:2      | Gained mutation: You are mostly covered in slimy green scales. (AC +3) [demonic ancestry]
  1122 | D:2      | Reached XP level 5. HP: 41/42 MP: 5/5
  1128 | D:2      | Noticed Jessica
  1134 | D:2      | Killed Jessica
  1134 | D:2      | Reached skill level 4 in Maces & Flails
  1200 | D:2      | Reached ** piety under Trog
  1813 | D:3      | Gained mutation: You sometimes gain a little power by taking damage. [demonic ancestry]
  1813 | D:3      | Reached XP level 6. HP: 48/48 MP: 6/6
  2058 | D:3      | Found a shimmering altar of Xom.
  2103 | D:3      | Found a blossoming altar of Fedhas.
  2107 | D:3      | Reached *** piety under Trog
  2416 | D:5      | Entered Level 5 of the Dungeon
  2501 | D:4      | Reached skill level 5 in Maces & Flails
  2772 | D:4      | Noticed Ijyb
  2789 | D:4      | Killed Ijyb
  2913 | D:4      | Gained mutation: You have hoof-like feet. [demonic ancestry]
  2913 | D:4      | Reached XP level 7. HP: 45/54 MP: 7/7
  3083 | D:4      | Noticed Menkaure
  3088 | D:4      | Killed Menkaure
  3088 | D:4      | Reached skill level 1 in Shields
  3399 | D:5      | Reached skill level 6 in Maces & Flails
  3544 | D:5      | Reached XP level 8. HP: 59/61 MP: 8/8
  3741 | D:5      | Found a shadowy altar of Dithmenos.
  3786 | D:5      | Reached skill level 5 in Armour
  3977 | D:5      | Reached skill level 7 in Maces & Flails
  4003 | D:5      | Reached skill level 5 in Fighting
  4113 | D:5      | Found an ornate altar of the Wu Jian Council.
  4277 | D:5      | Reached **** piety under Trog
  4307 | D:5      | Found a sacrificial altar of Ru.
  4620 | D:6      | Noticed Blork the orc
  4627 | D:6      | Killed Blork the orc
  4736 | D:6      | Noticed Prince Ribbit
  4746 | D:6      | Killed Prince Ribbit
  4746 | D:6      | Reached skill level 8 in Maces & Flails
  4746 | D:6      | Reached XP level 9. HP: 42/68 MP: 9/9
  4945 | D:6      | Noticed Duvessa
  4945 | D:6      | Noticed Dowan
  4958 | D:6      | Killed Duvessa
  4960 | D:6      | Killed Dowan
  5463 | D:7      | Found a staircase to the Ecumenical Temple.
  5983 | D:7      | Reached skill level 9 in Maces & Flails
  5996 | D:7      | Found a shattered altar of Ashenzari.
  6409 | D:8      | Noticed Pikel
  6437 | D:8      | Killed Pikel
  6437 | D:8      | Reached XP level 10. HP: 76/77 MP: 10/10
  6544 | D:8      | Noticed a two-headed ogre
  6545 | D:8      | Noticed Maurice
  6560 | D:8      | Killed a two-headed ogre
  6782 | D:8      | Killed Maurice
  6792 | D:8      | Found a sparkling altar of Nemelex Xobeh.
  6931 | D:8      | Found a shattered altar of Ashenzari.
  7207 | D:8      | You fall through a shaft!
  7207 | D:9      | Found a basalt altar of Yredelemnul.
  7235 | D:9      | Reached skill level 10 in Maces & Flails
  7300 | D:9      | Found a burning altar of Makhleb.
  7357 | D:9      | Killed from afar by an orc priest

Skill      XL: |  1  2  3  4  5  6  7  8  9 10 |
---------------+-------------------------------+-----
Maces & Flails | 3 4 5 6 8 9 10 | 10.1
Armour         | 2 3 4 5 6 7 |  7.8
Dodging        | 2 3 |  3.0
Fighting       | 4 5 6 7 |  7.4
Shields        | 1 2 4 |  4.6
Stealth        | |  0.2

Action                   |  1- 3 |  4- 6 |  7- 9 | 10-12 || total
-------------------------+-------+-------+-------+-------++-------
Melee: Mace              |    74 |   159 |   301 |   146 ||   680
       Kick              |     3 |    42 |    84 |       ||   129
Invok: Trog's Hand       |       |       |       |     2 ||     2
       Berserk           |       |       |       |     1 ||     1
  Use: Scroll            |       |     6 |     3 |     7 ||    16
       Potion            |       |       |       |     5 ||     5
  Eat: Ration            |     1 |     2 |     3 |     2 ||     8
Armor: Plate armour      |    41 |   119 |   184 |    82 ||   426
       Animal skin       |     4 |       |       |       ||     4
Dodge: Dodged            |    32 |    30 |    78 |    34 ||   174
Block: Buckler           |     2 |    23 |    62 |       ||    87
       Shield            |       |       |       |    78 ||    78
